 Dungeon Crawl Stone Soup version 0.18.1-2-ga659475 (webtiles) character file.

104 Marthos the Skirmisher (level 4, -1/40 HPs)
             Began as a Hill Orc Fighter on May 7, 2016.
             Slain by Uberwunderbarhen's ghost (7 damage)
             ... on level 4 of the Dungeon on May 8, 2016.
             The game lasted 00:09:01 (2689 turns).

Marthos the Skirmisher (Hill Orc Fighter)           Turns: 2689, Time: 00:09:02

Health: -1/40      AC: 10    Str: 18 (19) XL:     4   Next: 80%
Magic:  4/4        EV:  5    Int:  7 (8)  God:
Gold:   171        SH:  8    Dex:  7 (10) Spells: 0 memorised, 3 levels left

rFire  + . .     SeeInvis +     a - +0 long sword
rCold  x . .     Gourm    .     n - +0 chain mail
rNeg   . . .     Faith    .     c - +0 shield
rPois  .         Spirit   .     (no helmet)
rElec  .         Dismiss  .     (no cloak)
rCorr  .         Reflect  .     m - +0 pair of gloves
SustAt .         Harm     .     (no boots)
MR     .....                    (no amulet)
Stlth  ..........               k - ring of fire (curse)
                                h - ring of see invisible

@: not resistant to hostile enchantments, extremely unstealthy
A: no striking features
a: no special abilities


You were on level 4 of the Dungeon.
You were very hungry.

You visited 1 branch of the dungeon, and saw 4 of its levels.

You collected 171 gold pieces.

Inventory:

Hand Weapons
 a - a +0 long sword (weapon)
Armour
 c - a +0 shield (worn)
 m - a +0 pair of gloves (worn)
 n - a +0 chain mail (worn)
Jewellery
 h - a ring of see invisible (left hand)
 k - a cursed ring of fire (right hand)
Wands
 e - a wand of random effects (18/48)
Scrolls
 g - a scroll of blinking {unknown}
 i - 3 scrolls of enchant weapon
 o - 2 scrolls of teleportation {unknown}
Potions
 d - a potion of might
Comestibles
 f - 3 bread rations
 j - a beef jerky
 l - a slice of pizza
 p - a meat ration


   Skills:
 + Level 4.3 Fighting
 + Level 2.6 Long Blades
 + Level 4.2 Armour
 + Level 1.2 Dodging
 + Level 3.9 Shields


You had 3 spell levels left.
You didn't know any spells.

Dungeon Overview and Level Annotations

Branches:
Dungeon (4/15)
 Temple: D:4-7

Altars:
Fedhas
Gozag
Nemelex Xobeh
Okawaru
Ru
Zin

Annotations:
D:3 1 runed door
D:4 Uberwunderbarhen's ghost, amateur OpTm


Message History

You completely miss Uberwunderbarhen's ghost.
Uberwunderbarhen's ghost hits you.
You miss Uberwunderbarhen's ghost.
You block Uberwunderbarhen's ghost's attack.
Uberwunderbarhen's ghost hits you but does no damage.
You miss Uberwunderbarhen's ghost.
You block Uberwunderbarhen's ghost's attack.
You completely miss Uberwunderbarhen's ghost.
You block Uberwunderbarhen's ghost's attack.
You miss Uberwunderbarhen's ghost. Uberwunderbarhen's ghost hits you.
Uberwunderbarhen's ghost completely misses you.
You miss Uberwunderbarhen's ghost.
You block Uberwunderbarhen's ghost's attack.
You miss Uberwunderbarhen's ghost. Uberwunderbarhen's ghost hits you!
* * * LOW HITPOINT WARNING * * *
You completely miss Uberwunderbarhen's ghost.
Uberwunderbarhen's ghost hits you.
* * * LOW HITPOINT WARNING * * *
Uberwunderbarhen's ghost hits you!
You die... #. #. #. #. #. #. #.####.#####.### #.....W@<....... ################

You could see Uberwunderbarhen's ghost.

Vanquished Creatures
  A gnoll (D:1)
  2 adders (D:2)
  An ooze (D:2)
  2 worms (D:2)
  A dart slug (D:1)
  4 giant geckos
  An orc (D:3)
  2 giant cockroaches (D:3)
  A goblin (D:1)
  6 hobgoblins
  3 jackals (D:3)
  2 quokkas
  7 bats
  7 giant newts
  12 kobolds
  12 rats
64 creatures vanquished.

Notes
Turn   | Place    | Note
--------------------------------------------------------------
     0 | D:1      | Marthos the Hill Orc Fighter began the quest for the Orb.
     0 | D:1      | Reached XP level 1. HP: 19/19 MP: 1/1
    32 | D:1      | Reached XP level 2. HP: 25/27 MP: 2/2
   297 | D:1      | Upgraded the game from 0.18.1-1-g2f07953 to 0.18.1-2-ga659475
   654 | D:1      | Reached XP level 3. HP: 33/33 MP: 3/3
  1204 | D:2      | Reached XP level 4. HP: 40/40 MP: 4/4
  1835 | D:3      | Reached skill level 1 in Dodging
  1859 | D:3      | Found a sacrificial altar of Ru.
  1913 | D:3      | Found an iron altar of Okawaru.
  2087 | D:3      | Found a sparkling altar of Nemelex Xobeh.
  2111 | D:3      | Found an opulent altar of Gozag.
  2140 | D:3      | Found a glowing silver altar of Zin.
  2140 | D:3      | Found a runed door.
  2140 | D:3      | Noticed an angel
  2151 | D:3      | Found a blossoming altar of Fedhas.
  2644 | D:4      | Noticed Uberwunderbarhen's ghost (amateur OpTm)
  2689 | D:4      | Slain by Uberwunderbarhen's ghost

Skill      XL: |  1  2  3  4 |
---------------+-------------+-----
Fighting       | 4 |  4.3
Armour         | 4 |  4.2
Dodging        | 1 |  1.2
Long Blades    | |  2.6
Shields        | |  3.9

Action                   |  1- 3 |  4- 6 || total
-------------------------+-------+-------++-------
Melee: Long sword        |   114 |   169 ||   283
  Use: Scroll            |     2 |       ||     2
       Potion            |     1 |     5 ||     6
  Eat: Chunk             |     2 |     4 ||     6
Armor: Scale mail        |    46 |    41 ||    87
       Chain mail        |       |    51 ||    51
Dodge: Dodged            |    31 |    39 ||    70
Block: Shield            |    62 |    89 ||   151
